 Dungeon Crawl Stone Soup version 0.30-a0-639-g3916f1956a (webtiles) character file.

Game seed: 17737261721683520237

0 wormed the Grave Robber (level 1, 0/13 HPs)
             Began as a Gnoll Wanderer on Jan 16, 2023.
             Slain by a goblin
             ... wielding a +0 club
              (2 damage)
             ... on level 1 of the Dungeon.
             The game lasted 00:00:24 (41 turns).

wormed the Grave Robber (Gnoll Wanderer)              Turns: 41, Time: 00:00:24

Health: 0/13       AC:  2    Str: 11    XL:     1   Next: 10%
Magic:  4/4        EV: 10    Int: 12    God:
Gold:   7          SH:  4    Dex: 10    Spells: 5/5 levels left

rFire   . . .      SeeInvis .    a - +0 club
rCold   . . .      Faith    .    d - +0 buckler
rNeg    . . .      Spirit   .    c - +0 robe
rPois   .          Reflect  .    (no helmet)
rElec   .          Harm     .    (no cloak)
rCorr   .          Rampage  .    (no gloves)
Will    .....                    (no boots)
Stlth   +                        (no amulet)
HPRegen 0.22/turn                (no ring)
MPRegen 0.09/turn                (no ring)

@: invisible
A: fangs 1, strong nose, distributed training
a: no special abilities


You were on level 1 of the Dungeon.
You visited 1 branch of the dungeon, and saw 1 of its levels.

You collected 7 gold pieces.

Inventory:

Hand Weapons
 a - a +0 club (weapon)
Armour
 c - a +0 robe (worn)
 d - a +0 buckler (worn)


   Skills:
 + Level 0.0 Fighting
 + Level 0.0 Short Blades
 + Level 0.0 Long Blades
 + Level 0.0 Axes
 + Level 0.0 Maces & Flails
 + Level 0.0 Polearms
 + Level 0.0 Staves
 + Level 0.0 Ranged Weapons
 + Level 0.0 Throwing
 + Level 4.4 Armour
 + Level 0.0 Dodging
 + Level 0.0 Stealth
 + Level 4.4 Shields
 + Level 0.0 Unarmed Combat
 + Level 2.6 Spellcasting
 + Level 0.0 Conjurations
 + Level 0.0 Hexes
 + Level 0.0 Summonings
 + Level 7.0 Necromancy
 + Level 0.0 Translocations
 + Level 0.0 Transmutations
 + Level 0.0 Fire Magic
 + Level 1.9 Ice Magic
 + Level 0.0 Air Magic
 + Level 0.0 Earth Magic
 + Level 0.0 Poison Magic
 + Level 0.0 Invocations
 + Level 0.0 Evocations


You had 5 spell levels left.
You didn't know any spells.
Your spell library contained the following spells:

 Spells                   Type           Power      Damage    Failure   Level
 Necrotise                Necr           72%        1d7       1%          1
 Vampiric Draining        Necr           18%        2d7       5%          3
 Kiss of Death            Conj/Necr      40%        2d8       8%          1
 Freeze                   Ice            24%        1d4       14%         1
 Ozocubu's Armour         Ice            6%         N/A       41%         3


Dungeon Overview and Level Annotations

Branches:
Dungeon (1/15)

Altars:


Innate Abilities, Weirdness & Mutations

You have very sharp teeth.
Your uncanny sense of smell can sniff out nearby items.
Your experience applies equally to all skills.


Message History

The goblin hits you with a +0 club. You block the kobold's attack.
The bat moves out of view.
You closely miss the kobold.
The kobold is heavily wounded.
The goblin hits you with a +0 club. The kobold misses you.
You barely miss the kobold. Your bite misses the kobold.
The kobold is heavily wounded.
The goblin hits you with a +0 club. The kobold hits you with a +0 club.
The kobold hits you but does no damage. The goblin hits you with a +0 club.
* * * LOW HITPOINT WARNING * * *
You are too injured to fight recklessly!
You are too injured to fight recklessly!
You fade into invisibility!
The kobold barely misses you. The rat bites you.
* * * LOW HITPOINT WARNING * * *
The goblin barely misses you. The bat hits you but does no damage.
Sorry, you're not good enough to have a special ability.
You don't know any spells.
Sorry, you're not good enough to have a special ability.
You don't know any spells.
You hit the rat.
You kill the rat!
The bat barely misses you. x2; The kobold throws a stone.
The stone completely misses the goblin.
The stone hits the bat.
You hit the bat but do no damage.
The bat is moderately wounded.
The bat closely misses you. The bat hits you but does no damage.
You closely miss the bat. The bat closely misses you. The bat misses you.
You miss the bat. The bat barely misses you. The bat closely misses you.
The bat hits you.
* * * LOW HITPOINT WARNING * * *
You hit the bat.
The bat is moderately wounded.
The bat hits you but does no damage. You block the bat's attack.
The bat misses you.
The kobold throws a stone.
The stone hits the goblin.
You hit the bat.
You kill the bat!
The goblin hits you with a +0 club.
You die...

.. .# .# ### ##.## #..
#... #.# #..# #.#
#..###.##
.#.#######.###........
...........@gK..###.##
#.........##.###
#.#####...##..####
#...........
#........... ∆
###.........#
##.......## #.§≈≈≈..#
∆ #.≈§§≈§.#


You could see a goblin (unable to see you) and a kobold (unable to see you).

Vanquished Creatures
  A bat (D:1)
  A rat (D:1)
2 creatures vanquished.

Notes
Turn   | Place    | Note
-------+----------+-------------------------------------------
     0 | D:1      | wormed the Gnoll Wanderer began the quest for the Orb.
     0 | D:1      | wormed set off with the following items: a +0 club, a
                  | potion of invisibility, a +0 robe, a +0 buckler; and the
                  | following spells available to memorise: Necrotise, Vampiric
                  | Draining, Kiss of Death, Freeze, Ozocubu's Armour.
     0 | D:1      | Reached XP level 1. HP: 13/13 MP: 4/4
    41 | D:1      | Slain by a goblin

Illustrated notes

Levels and vault maps discovered:
D:1:      lemuel_arrival_lava_pool, layout_loops_ring

Action                   || total
-------------------------++-------
Melee: Club              ||     9
  Use: Potion            ||     1
Armor: Robe              ||     4
Dodge: Dodged            ||    11
Block: Buckler           ||     2

Table legend: (Time is in decaauts)
 A = Elapsed time spent in this place.
 B = Non-inter-level travel time spent in this place.
 C = Inter-level travel time spent in this place.
 D = Time resting spent in this place.
 E = Time spent auto-exploring this place.
 F = Levels seen in this place.
 G = Mean time per level.
                   A        B        C        D        E       F      G
               +--------+--------+--------+--------+--------+-----+--------+
         Total |     43 |     43 |      0 |      0 |     24 |   1 |   43.0 |
       Dungeon |     43 |     43 |      0 |      0 |     24 |   1 |   43.0 |
               +--------+--------+--------+--------+--------+-----+--------+

Top non-repeatable levels by time:
     D:1: 43 daAuts
